[Event "Titled Tuesday Blitz May 24 Late 2022"]
[White "Papasimakopoulos, Alexandros"]
[Black "Larino Nieto, David"]
[WhiteFideId "4244125"]
[BlackFideId "2256444"]
[WhiteElo "2340"]
[BlackElo "2532"]
[Result "0-1"]
[Round "08"]
[TimeControl "180+1"]
[Date "2022.05.24"]
[WhiteClock "0:00:04"]
[BlackClock "0:00:09"]

1. d4 e6 2. c4 b6 3. e4 Bb7 4. Bd3 Ne7 5. Nf3 d6 6. O-O Nd7 7. Nc3 h6 8. Re1 g5 9. d5 Bg7 10. h3 Ng6 11. Bf1 Nde5 12. Nd4 Qe7 13. Qa4+ Kf8 14. Be3 h5 15. g3 g4 16. h4 Nf3+ 17. Nxf3 gxf3 18. Qd1 Nxh4 19. gxh4 Rg8 20. Bg5 Bxc3 21. Qxf3 Bf6 22. Bg2 Bxg5 23. hxg5 e5 24. Qxh5 Qxg5 25. Qxg5 Rxg5 26. Kf1 Ke7 27. Bh3 Rh8 28. Bf5 Ba6 29. b3 b5 30. Rac1 bxc4 31. bxc4 Rh1+ 32. Ke2 Rxe1+ 33. Rxe1 Bxc4+ 34. Ke3 Bxd5 35. exd5 Rxf5 36. Rb1 Kd7 37. Rb7 e4 38. Kxe4 Rxf2 39. Rxa7 f5+ 40. Ke3 Rc2 41. Ra8 Rc3+ 42. Kd4 Rc1 43. a4 Ra1 44. a5 f4 45. Kc4 f3 46. Rf8 Rxa5 47. Rf7+ Kc8 48. Rxf3 Rc5+ 49. Kd4 Rc1 50. Rb3 Rh1 51. Rg3 Rh4+ 52. Kc3 Kb7 53. Rg7 Kb6 54. Rf7 Re4 55. Kd3 Ra4 56. Kc3 Ra1 57. Kc4 Rd1 58. Rh7 Rc1+ 59. Kd4 Kb5 60. Rg7 Rc4+ 61. Kd3 Kb4 62. Rf7 Kb3 63. Rg7 Rc5 64. Kd4 Kb4 65. Rh7 Kb5 66. Rg7 Kb6 67. Rf7 Ra5 68. Rg7 Ra4+ 69. Kd3 Rh4 70. Rf7 Rh8 71. Kd4 Rd8 72. Rg7 Kb7 73. Rf7 Kc8 74. Rg7 Rd7 75. Rg8+ Kb7 76. Kc4 Rh7 77. Kc3 Kb6 78. Rc8 Kc5 0-1


[Site "https://www.chess.com"]

[Event "Titled Tuesday Blitz May 24 Late 2022"]
[White "Papp, Levente"]
[Black "Wieczorek, Oskar"]
[WhiteFideId "751243"]
[BlackFideId "1133950"]
[WhiteElo "2308"]
[BlackElo "2330"]
[Result "1-0"]
[Round "08"]
[TimeControl "180+1"]
[Date "2022.05.24"]
[WhiteClock "0:00:24"]
[BlackClock "0:00:15"]

1. c4 Nf6 2. Nc3 g6 3. g3 Bg7 4. Bg2 O-O 5. e4 d6 6. Nge2 e5 7. O-O Nc6 8. d3 Nh5 9. Be3 f5 10. Qd2 f4 11. gxf4 Nd4 12. f3 c6 13. fxe5 dxe5 14. Kh1 Qh4 15. Bg5 Bh6 16. Bxh6 Nxe2 17. Nxe2 Nf4 18. Bxf4 exf4 19. d4 Bd7 20. d5 c5 21. b4 Rae8 22. bxc5 Re5 23. Qe1 Qh6 24. Qf2 Rh5 25. Qg1 Rg5 26. Rab1 Bc8 27. c6 bxc6 28. dxc6 Bh3 29. Rf2 Qh4 30. c7 Rc5 31. Bxh3 Qxh3 32. Qg4 Qxg4 33. fxg4 Rxc7 34. Rxf4 Rd8 35. e5 Rd2 36. Re4 Kf7 37. e6+ Ke7 38. Nf4 Rc8 39. Nd5+ Kd6 40. e7 Re8 41. Rbe1 Rf2 42. Re6+ Kd7 43. Nf6+ 1-0


[Site "https://www.chess.com"]

[Event "Titled Tuesday Blitz May 24 Late 2022"]
[White "Paravyan, David"]
[Black "Matinian, Nikita"]
[WhiteFideId "4194985"]
[BlackFideId "24129100"]
[WhiteElo "2569"]
[BlackElo "2422"]
[Result "1-0"]
[Round "08"]
[TimeControl "180+1"]
[Date "2022.05.24"]
[WhiteClock "0:00:34"]
[BlackClock "0:00:05"]

1. e4 c5 2. Nf3 d6 3. d4 cxd4 4. Nxd4 Nf6 5. Nc3 g6 6. Be3 Nc6 7. f3 h5 8. Qd2 Nxd4 9. Qxd4 Bg7 10. O-O-O O-O 11. Qd2 Qa5 12. Kb1 Be6 13. a3 Rfc8 14. Bd4 Rab8 15. Bxf6 Bxf6 16. Nd5 Qxd2 17. Nxf6+ exf6 18. Rxd2 Rd8 19. Be2 Kf8 20. f4 f5 21. exf5 Bxf5 22. Bf3 b5 23. Rhd1 Ke7 24. b4 Rbc8 25. Kb2 Rc4 26. g3 Rdc8 27. Re1+ Kf8 28. Ree2 R8c7 29. Bd5 Rc3 30. Bb3 R3c6 31. Re3 Re7 32. Rc3 Rxc3 33. Kxc3 Re3+ 34. Kd4 Rf3 35. Kd5 Ke7 36. Kc6 Bd7+ 37. Kb7 h4 38. gxh4 Rxf4 39. Kxa7 Rxh4 40. Kb6 Rh3 41. Re2+ Kf8 42. Kc7 Bg4 43. Rf2 f5 44. Kxd6 Kg7 45. Kc5 Kf6 46. Kxb5 g5 47. Kc5 f4 48. b5 Rc3+ 49. Kd4 Rc8 50. Bd5 Rd8 51. c4 Be6 52. b6 Bxd5 53. cxd5 Ra8 54. b7 Rb8 55. Rb2 g4 56. a4 g3 57. hxg3 fxg3 58. a5 g2 59. Rxg2 Rxb7 60. Ra2 1-0


[Site "https://www.chess.com"]

[Event "Titled Tuesday Blitz May 24 Late 2022"]
[White "Peralta, Eduardo"]
[Black "Halak, Miklos"]
[WhiteFideId "3700062"]
[BlackFideId "726400"]
[WhiteElo "2574"]
[BlackElo "2442"]
[Result "1-0"]
[Round "08"]
[TimeControl "180+1"]
[Date "2022.05.25"]
[WhiteClock "0:01:05"]
[BlackClock "0:00:02"]

1. Nf3 d5 2. g3 c6 3. Bg2 Bf5 4. O-O e6 5. c4 Nf6 6. cxd5 exd5 7. Nc3 Be7 8. d3 O-O 9. Qb3 Qb6 10. Qc2 h6 11. e4 dxe4 12. dxe4 Bh7 13. Nh4 Nbd7 14. Be3 Bc5 15. Na4 Bxe3 16. Nxb6 Bxb6 17. Rad1 Nc5 18. Nf5 Bxf5 19. exf5 a5 20. Rfe1 Rfe8 21. Kf1 Ng4 22. h3 Nf6 23. g4 Rac8 24. Bf3 Nfd7 25. Qc3 Nf6 26. h4 Rxe1+ 27. Rxe1 Rd8 28. g5 hxg5 29. hxg5 Nd5 30. Bxd5 cxd5 31. g6 Ne4 32. Qh3 fxg6 33. fxg6 Kf8 34. Qe6 Bd4 35. Qf7# 1-0


[Site "https://www.chess.com"]

[Event "Titled Tuesday Blitz May 24 Late 2022"]
[White "Petrovic, Aleksa"]
[Black "Romero Ruscalleda, Josep"]
[WhiteFideId "967629"]
[BlackFideId "2231859"]
[WhiteElo "2144"]
[BlackElo "2308"]
[Result "1-0"]
[Round "08"]
[TimeControl "180+1"]
[Date "2022.05.25"]
[WhiteClock "0:00:04"]
[BlackClock "0:00:02"]

1. d4 g6 2. c4 Bg7 3. e4 d6 4. Nc3 e5 5. Nge2 Nc6 6. Be3 exd4 7. Nxd4 Nge7 8. h4 h5 9. Qd2 Bd7 10. O-O-O a6 11. Nd5 Nxd5 12. cxd5 Nxd4 13. Bxd4 Bh6 14. f4 O-O 15. Bd3 c5 16. Be3 c4 17. Bc2 Bg4 18. Rde1 Rc8 19. f5 Bg7 20. Bd4 Bxd4 21. Qxd4 c3 22. fxg6 fxg6 23. e5 cxb2+ 24. Kb1 dxe5 25. Rxe5 Qc7 26. Qxb2 Rf2 27. Rc1 Bf5 28. d6 Qxc2+ 29. Rxc2 Rfxc2 30. Qb3+ Kh8 31. d7 Rc1+ 32. Kb2 Bxd7 33. Re2 Bf5 34. Qe3 Rb1+ 35. Ka3 1-0


[Site "https://www.chess.com"]

[Event "Titled Tuesday Blitz May 24 Late 2022"]
[White "Pranav, V"]
[Black "Csonka, Balazs"]
[WhiteFideId "25060783"]
[BlackFideId "742910"]
[WhiteElo "2349"]
[BlackElo "2404"]
[Result "1-0"]
[Round "08"]
[TimeControl "180+1"]
[Date "2022.05.24"]
[WhiteClock "0:02:17"]
[BlackClock "0:00:13"]

1. Nf3 Nf6 2. g3 d5 3. Bg2 c5 4. O-O Nc6 5. d3 g6 6. Nbd2 Bg7 7. e4 O-O 8. exd5 Nxd5 9. Re1 b6 10. Nc4 Bb7 11. c3 Qc7 12. h4 h5 13. Ng5 Rad8 14. Qe2 e5 15. a4 Rfe8 16. Bd2 Re7 17. Ne4 Red7 18. Rad1 Nce7 19. Bh3 f5 20. Ng5 Qc6 21. f3 Ba6 22. Nxe5 Bxe5 23. Qxe5 Qf6 24. Qe2 Nc7 25. c4 Nc6 26. Bc3 Nd4 27. Bxd4 Qxd4+ 28. Kh2 Re8 29. Qxe8+ Nxe8 30. Rxe8+ Kg7 31. Ne6+ Kf7 32. Nxd4 Kxe8 33. Nb5 1-0


[Site "https://www.chess.com"]

[Event "Titled Tuesday Blitz May 24 Late 2022"]
[White "Prieto Aranguren, Alain"]
[Black "Romanchuk, Viktor"]
[WhiteFideId "2268906"]
[BlackFideId "14109271"]
[WhiteElo "2325"]
[BlackElo "2592"]
[Result "0-1"]
[Round "08"]
[TimeControl "180+1"]
[Date "2022.05.25"]
[WhiteClock "0:00:53"]
[BlackClock "0:00:37"]

1. d4 d5 2. c4 c6 3. Nf3 Nf6 4. Nc3 e6 5. Bg5 h6 6. Bh4 dxc4 7. e3 b5 8. Be2 Bb7 9. O-O Nbd7 10. Ne5 Be7 11. f4 a6 12. g4 c5 13. Bf3 Qc7 14. a4 cxd4 15. exd4 b4 16. Ne2 Bxf3 17. Rxf3 Rd8 18. Rc1 Nb6 19. Ng3 a5 20. g5 hxg5 21. Bxg5 Qd6 22. Nxc4 Nxc4 23. Rxc4 Qd5 24. b3 Ng4 25. Bxe7 Kxe7 26. Rc5 Qxc5 0-1


[Site "https://www.chess.com"]

[Event "Titled Tuesday Blitz May 24 Late 2022"]
[White "Proudian, Armen"]
[Black "Roman, Rodrigo"]
[WhiteFideId "2130734"]
[BlackFideId "3701220"]
[WhiteElo "2380"]
[BlackElo "2001"]
[Result "1-0"]
[Round "08"]
[TimeControl "180+1"]
[Date "2022.05.25"]
[WhiteClock "0:00:50"]
[BlackClock "0:00:14"]

1. e4 e6 2. d4 d5 3. exd5 exd5 4. Bd3 Nf6 5. h3 Be7 6. Qf3 c6 7. Ne2 Nbd7 8. Bf4 Qb6 9. Nd2 Qxb2 10. O-O Nf8 11. Rfe1 Ne6 12. Rab1 Qxa2 13. Be5 Qa5 14. Nb3 Qd8 15. g4 h6 16. Nf4 O-O 17. Re2 b6 18. Rbe1 Bd6 19. Ng2 Ng5 20. Qg3 Bxe5 21. dxe5 Nfe4 22. Qe3 Nc3 23. Rd2 c5 24. f4 d4 25. Qg3 Ne6 26. f5 Nc7 27. h4 Bb7 28. g5 hxg5 29. hxg5 Qd5 30. g6 fxg6 31. Qxg6 c4 32. f6 Rf7 33. Qh7+ Kf8 34. Qh8# 1-0


[Site "https://www.chess.com"]

[Event "Titled Tuesday Blitz May 24 Late 2022"]
[White "Redor, Menandro"]
[Black "Zherebtsova, Alexandra"]
[WhiteFideId "5222010"]
[BlackFideId "24129518"]
[WhiteElo "1986"]
[BlackElo "2025"]
[Result "0-1"]
[Round "08"]
[TimeControl "180+1"]
[Date "2022.05.25"]
[WhiteClock "0:00:02"]
[BlackClock "0:00:17"]

1. d4 d5 2. Bf4 Nf6 3. e3 c5 4. c3 Nc6 5. Nd2 Bf5 6. Ngf3 h6 7. Qa4 Qb6 8. Bb5 Bd7 9. dxc5 Qxc5 10. O-O a6 11. Bxc6 Bxc6 12. Qd1 e6 13. Nd4 Be7 14. a4 a5 15. N2b3 Qb6 16. h3 O-O 17. Bg3 Ne4 18. Bh2 Bd7 19. Nd2 Nc5 20. b3 Rfd8 21. Rc1 Be8 22. Qe2 f6 23. f4 f5 24. c4 Ne4 25. cxd5 Nxd2 26. Qxd2 Bb4 27. Qc2 Rxd5 28. Qc7 Qa6 29. Bg3 Bd2 0-1


[Site "https://www.chess.com"]

[Event "Titled Tuesday Blitz May 24 Late 2022"]
[White "Richter, Nils"]
[Black "Motylev, Alexander"]
[WhiteFideId "12990809"]
[BlackFideId "4121830"]
[WhiteElo "2243"]
[BlackElo "2470"]
[Result "0-1"]
[Round "08"]
[TimeControl "180+1"]
[Date "2022.05.24"]
[WhiteClock "0:00:09"]
[BlackClock "0:00:33"]

1. Nf3 d5 2. e3 g6 3. c4 c6 4. Nc3 Bg7 5. d4 Nf6 6. Be2 O-O 7. O-O Bg4 8. b3 Nbd7 9. Bb2 e6 10. h3 Bf5 11. Nh4 Ne4 12. Nxf5 gxf5 13. Rc1 Kh8 14. Qe1 Bh6 15. f4 Rg8 16. Nxe4 fxe4 17. Kh2 f5 18. Ba3 Nf6 19. Rg1 Bf8 20. Bxf8 Qxf8 21. Qh4 Rg6 22. b4 dxc4 23. Bxc4 Ng4+ 24. Kh1 Nxe3 25. Bb3 Qg7 26. Qf2 Ng4 27. Qe2 e3 28. b5 Rg8 29. Qf3 Nf2+ 30. Kh2 Rg3 31. bxc6 Rxf3 32. gxf3 Qh6 33. Rxg8+ Kxg8 34. Rg1+ Kf8 35. Rg3 bxc6 0-1


[Site "https://www.chess.com"]

[Event "Titled Tuesday Blitz May 24 Late 2022"]
[White "Rios Escobar, Adan"]
[Black "Joubert, Dantelle"]
[WhiteFideId "3403645"]
[BlackFideId "14310813"]
[WhiteElo "2396"]
[BlackElo "1507"]
[Result "1-0"]
[Round "08"]
[TimeControl "180+1"]
[Date "2022.05.25"]
[WhiteClock "0:00:53"]
[BlackClock "0:00:02"]

1. d4 d5 2. Nf3 Nf6 3. g3 Bf5 4. c4 c6 5. Nc3 dxc4 6. Nh4 Bg4 7. h3 Bc8 8. Bg2 e6 9. O-O Be7 10. e4 O-O 11. a4 Na6 12. Be3 Nb4 13. Qe2 a5 14. Rad1 b6 15. Rfe1 Ba6 16. f4 Nd3 17. Rf1 Qc7 18. Nf3 Nh5 19. Kh2 g5 20. Ne5 gxf4 21. Qxh5 fxe3 22. Rxf7 Rxf7 23. Qxf7+ Kh8 24. Qxe6 1-0


[Site "https://www.chess.com"]

[Event "Titled Tuesday Blitz May 24 Late 2022"]
[White "Ronka, Erik"]
[Black "Janaszak, Dawid"]
[WhiteFideId "505080"]
[BlackFideId "1119206"]
[WhiteElo "2264"]
[BlackElo "2199"]
[Result "1/2-1/2"]
[Round "08"]
[TimeControl "180+1"]
[Date "2022.05.24"]
[WhiteClock "0:00:06"]
[BlackClock "0:00:42"]

1. e4 c5 2. Nf3 Nc6 3. d4 cxd4 4. Nxd4 g6 5. Nc3 Bg7 6. Be3 Nf6 7. Bc4 O-O 8. Bb3 Re8 9. h4 d5 10. Nxc6 bxc6 11. exd5 Nxd5 12. Nxd5 cxd5 13. Qxd5 Qxd5 14. Bxd5 Rb8 15. Bc1 Bxb2 16. Bxb2 Rxb2 17. Bb3 Rd8 18. Ke2 Be6 19. Rhd1 Rc8 20. Rd2 Bxb3 21. cxb3 Rcc2 22. Rxc2 Rxc2+ 23. Ke3 a5 24. g4 Kg7 25. f3 Kf6 26. Kd3 Rf2 27. Ke3 Rh2 28. Ke4 Ke6 29. a3 Rb2 30. b4 axb4 31. axb4 Rxb4+ 32. Ke3 h5 33. Ra6+ Kd7 34. gxh5 gxh5 35. f4 Rb3+ 36. Ke4 Rh3 37. Ra7+ Kd6 38. Ra6+ Kc7 39. Ra7+ Kd8 40. Ra8+ Kd7 41. Ra7+ Kd6 42. Ra6+ Kd7 43. Ra7+ 1/2-1/2


[Site "https://www.chess.com"]

[Event "Titled Tuesday Blitz May 24 Late 2022"]
[White "Roque Sola, Jose Luis"]
[Black "Jorquera, Marcelo"]
[WhiteFideId "5120390"]
[BlackFideId "3401197"]
[WhiteElo "1983"]
[BlackElo "2136"]
[Result "0-1"]
[Round "08"]
[TimeControl "180+1"]
[Date "2022.05.25"]
[WhiteClock "0:01:03"]
[BlackClock "0:01:00"]

1. c4 Nf6 2. Nc3 g6 3. Nf3 Bg7 4. g3 O-O 5. Bg2 d6 6. O-O Nc6 7. Rb1 a5 8. a3 e5 9. d3 h6 10. b4 axb4 11. axb4 Be6 12. Nd2 Qd7 13. Re1 Ne8 14. Nd5 f5 15. b5 Nd8 16. Bb2 g5 17. Ra1 Rxa1 18. Qxa1 c6 19. bxc6 bxc6 20. Nb4 d5 21. Qa6 e4 22. cxd5 cxd5 23. Rc1 Bxb2 0-1


[Site "https://www.chess.com"]

[Event "Titled Tuesday Blitz May 24 Late 2022"]
[White "Roux, Baptiste"]
[Black "Levine, David"]
[WhiteFideId "36017450"]
[BlackFideId "2011611"]
[WhiteElo "1935"]
[BlackElo "2138"]
[Result "0-1"]
[Round "08"]
[TimeControl "180+1"]
[Date "2022.05.25"]
[WhiteClock "0:00:01"]
[BlackClock "0:00:05"]

1. e4 e5 2. Nf3 Nc6 3. Bb5 a6 4. Ba4 Nf6 5. O-O Be7 6. Re1 b5 7. Bb3 d6 8. c3 O-O 9. d4 Bg4 10. Be3 exd4 11. cxd4 d5 12. e5 Ne4 13. Nbd2 f5 14. exf6 Nxf6 15. h3 Bf5 16. Nh4 Bd7 17. Qf3 Nb4 18. Nf5 Nd3 19. Re2 Bxf5 20. Qxf5 Nxb2 21. Bg5 Nc4 22. Qe6+ Rf7 23. Bxc4 dxc4 24. Nf3 Bd6 25. Bxf6 Qxf6 26. Qd5 Rf8 27. Ng5 c6 28. Qe6 Qxe6 29. Rxe6 Rf6 30. Rae1 h6 31. Rxf6 Rxf6 32. Ne4 Re6 33. Re3 Kf7 34. g3 Be7 35. f4 g6 36. Kg2 b4 37. Kf3 c3 38. Re2 a5 39. g4 Bf8 40. f5 gxf5 41. gxf5 Re8 42. Kf4 a4 43. Kf3 Rc8 44. Nc5 Bxc5 45. dxc5 b3 46. Ke3 b2 0-1


[Site "https://www.chess.com"]

[Event "Titled Tuesday Blitz May 24 Late 2022"]
[White "Rustemov, Alexander"]
[Black "Gong, Patrick"]
[WhiteFideId "4119002"]
[BlackFideId "3222500"]
[WhiteElo "2839"]
[BlackElo "2103"]
[Result "1-0"]
[Round "08"]
[TimeControl "180+1"]
[Date "2022.05.24"]
[WhiteClock "0:00:38"]
[BlackClock "0:00:02"]

1. d4 Nf6 2. c4 c5 3. Nf3 cxd4 4. Nxd4 e5 5. Nb5 d6 6. N1c3 a6 7. Na3 Be7 8. g3 O-O 9. Bg2 Nc6 10. O-O Be6 11. b3 Rc8 12. Bb2 Ne8 13. Nd5 f5 14. Qd2 Bg5 15. e3 Ne7 16. Rad1 Nxd5 17. Bxd5 Qe7 18. Nc2 Bxd5 19. Qxd5+ Kh8 20. Nb4 b5 21. cxb5 Rc5 22. Qd3 axb5 23. Nd5 Qb7 24. f4 Nf6 25. Nb4 exf4 26. exf4 Bh6 27. Qxd6 Rcc8 28. Bd4 Ne4 29. Qb6 Qe7 30. Qxb5 Rb8 31. Nc6 Rxb5 32. Nxe7 Ra8 33. Rfe1 Rxa2 34. Nxf5 Rxf5 35. Rxe4 Rf8 36. b4 Kg8 37. Rb1 Rd8 38. b5 Ra4 39. b6 g6 40. b7 1-0


[Site "https://www.chess.com"]

[Event "Titled Tuesday Blitz May 24 Late 2022"]
[White "Rychagov, Andrey"]
[Black "Pesotskiy, Mikhail"]
[WhiteFideId "4119932"]
[BlackFideId "34164453"]
[WhiteElo "2500"]
[BlackElo "2010"]
[Result "1-0"]
[Round "08"]
[TimeControl "180+1"]
[Date "2022.05.24"]
[WhiteClock "0:00:20"]
[BlackClock "0:00:02"]

1. d4 Nf6 2. c4 e6 3. Nf3 Bb4+ 4. Bd2 a5 5. e3 b6 6. Nc3 Bb7 7. Bd3 O-O 8. O-O d6 9. Qe2 Nbd7 10. e4 e5 11. d5 Nh5 12. g3 Nc5 13. Bc2 g6 14. Ne1 Bc8 15. Nd3 f5 16. Nxc5 Bxc5 17. exf5 Bxf5 18. Bxf5 Rxf5 19. Ne4 Qe7 20. Rae1 Raf8 21. Kg2 Kg7 22. Bc3 Bb4 23. Bxb4 axb4 24. Qd2 Rf3 25. Qxb4 h6 26. Qd2 Qd7 27. Re3 Qg4 28. Qd1 Nf4+ 29. Kh1 Nh3 30. Nd2 Rxf2 31. Qxg4 Rxf1+ 32. Kg2 Ng5 33. Re2 1-0


[Site "https://www.chess.com"]

[Event "Titled Tuesday Blitz May 24 Late 2022"]
[White "Sailer, Mike"]
[Black "Jarocka, Liwia"]
[WhiteFideId "2012901"]
[BlackFideId "21807558"]
[WhiteElo "2109"]
[BlackElo "1887"]
[Result "0-1"]
[Round "08"]
[TimeControl "180+1"]
[Date "2022.05.25"]
[WhiteClock "0:00:04"]
[BlackClock "0:01:04"]

1. d4 c5 2. e3 Nf6 3. Nf3 e6 4. Bd3 d5 5. b3 Nc6 6. Bb2 cxd4 7. exd4 Bb4+ 8. c3 Be7 9. O-O O-O 10. Re1 b6 11. Ne5 Bb7 12. Nd2 Nxe5 13. dxe5 Nd7 14. f4 Rc8 15. Nf3 Re8 16. Rc1 Nc5 17. Bb1 g6 18. Nd4 a6 19. Re3 Ne4 20. Bxe4 dxe4 21. Qe2 Bc5 22. Rd1 Qh4 23. g3 Qe7 24. a4 a5 25. Rxe4 Bxe4 26. Qxe4 Bxd4+ 27. Rxd4 Red8 28. c4 Qb4 29. Qd3 Rxd4 30. Bxd4 Rd8 31. Qe3 Rb8 32. Kg2 h5 33. h3 Rd8 34. g4 hxg4 35. hxg4 Qa3 36. f5 Qa2+ 37. Kg3 exf5 38. gxf5 Qb1 39. fxg6 Qxg6+ 40. Kf3 Qf5+ 41. Ke2 Qg4+ 42. Kf2 Qxd4 0-1


[Site "https://www.chess.com"]

[Event "Titled Tuesday Blitz May 24 Late 2022"]
[White "Santos Ruiz, Miguel"]
[Black "Gurevich, Dmitry"]
[WhiteFideId "22291482"]
[BlackFideId "2000407"]
[WhiteElo "2780"]
[BlackElo "2590"]
[Result "1-0"]
[Round "08"]
[TimeControl "180+1"]
[Date "2022.05.25"]
[WhiteClock "0:00:14"]
[BlackClock "0:00:02"]

1. b3 d5 2. Bb2 c5 3. e3 a6 4. Nf3 Nc6 5. d4 Bg4 6. dxc5 e6 7. c4 Nf6 8. Nc3 dxc4 9. Bxc4 Bxc5 10. h3 Bh5 11. g4 Bg6 12. Nh4 O-O 13. Nxg6 hxg6 14. Qxd8 Rfxd8 15. g5 b5 16. Be2 Nd7 17. Ne4 Bb4+ 18. Kf1 Rac8 19. Kg2 Nc5 20. Nxc5 Bxc5 21. Rhd1 Be7 22. h4 Nb4 23. a3 Rc2 24. Rxd8+ Bxd8 25. axb4 Rxb2 26. Kf3 Rxb3 27. Rxa6 Be7 28. Ra8+ Bf8 29. Bxb5 Rxb4 30. Be8 Rb7 31. Rc8 Kh7 32. Bc6 Rb6 33. Be4 Bd6 34. h5 Rb5 35. hxg6+ fxg6 36. Kg4 Rb2 37. f4 Re2 38. Kf3 Re1 39. Rc6 Rd1 40. Rc2 Bb4 41. Rh2+ Kg8 42. Bxg6 e5 43. Rc2 exf4 44. Rc8+ Bf8 45. exf4 Rf1+ 46. Kg4 Rg1+ 47. Kf5 Rf1 48. Ra8 Re1 49. Bh5 Re7 50. Bg4 Rf7+ 51. Kg6 Re7 52. Bh3 Re4 53. Bg2 Rxf4 54. Bd5+ Kh8 55. Bf7 1-0


[Site "https://www.chess.com"]

[Event "Titled Tuesday Blitz May 24 Late 2022"]
[White "Sapunov, Evgeny"]
[Black "Al-Tarboush, Ward"]
[WhiteFideId "4126661"]
[BlackFideId "7601450"]
[WhiteElo "2470"]
[BlackElo "2294"]
[Result "1-0"]
[Round "08"]
[TimeControl "180+1"]
[Date "2022.05.24"]
[WhiteClock "0:00:10"]
[BlackClock "0:00:12"]

1. c4 c5 2. Nf3 Nc6 3. Nc3 e5 4. e3 Nf6 5. d4 e4 6. Nd2 cxd4 7. exd4 Bb4 8. Nb3 O-O 9. Bf4 d5 10. c5 Bg4 11. Qd2 Nh5 12. Bd6 Re8 13. Bb5 Bd7 14. O-O f5 15. Qe2 Bxc3 16. bxc3 Qg5 17. f4 exf3 18. Qxf3 Re4 19. Na5 Rae8 20. Bxc6 bxc6 21. Be5 f4 22. Rae1 Bg4 23. Qd3 Bf5 24. Qd2 Qg6 25. Rxe4 Bxe4 26. Bxf4 Rf8 27. Be5 Rxf1+ 28. Kxf1 Bd3+ 29. Kg1 Qf5 30. Qf2 Qg4 31. h3 Qd1+ 32. Kh2 Bb5 33. Qh4 h6 34. Qd8+ Kh7 35. Qd7 Qe2 36. Nxc6 Qf2 37. Qd6 Bf1 38. Qxd5 Nf4 39. Qf3 1-0


[Site "https://www.chess.com"]

[Event "Titled Tuesday Blitz May 24 Late 2022"]
[White "Sargsyan, Anna M."]
[Black "Kaasen, Tor Fredrik"]
[WhiteFideId "13308130"]
[BlackFideId "1516647"]
[WhiteElo "2271"]
[BlackElo "2335"]
[Result "1-0"]
[Round "08"]
[TimeControl "180+1"]
[Date "2022.05.24"]
[WhiteClock "0:00:49"]
[BlackClock "0:00:02"]

1. d4 d5 2. c4 c6 3. Nf3 Nf6 4. Nc3 e6 5. e3 Nbd7 6. Bd3 dxc4 7. Bxc4 b5 8. Bd3 Bb7 9. a4 b4 10. Ne4 c5 11. Ned2 cxd4 12. exd4 Be7 13. O-O O-O 14. Qe2 a5 15. Nc4 Nb6 16. Nce5 Rc8 17. Bg5 h6 18. Bh4 Nh5 19. Bg3 Bf6 20. Rad1 Nxg3 21. hxg3 Nxa4 22. Bb1 Qc7 23. Ng4 Be7 24. Nfe5 f5 25. Ng6 fxg4 26. Qxe6+ Rf7 27. Rc1 Qd8 28. Ba2 Bf6 29. Qxf7+ Kh7 30. Qxb7 Rxc1 31. Rxc1 Qxd4 32. Nf8+ Kh8 33. Qc8 Qd8 34. Qxd8 Bxd8 35. Rc8 1-0


[Site "https://www.chess.com"]

[Event "Titled Tuesday Blitz May 24 Late 2022"]
[White "Seletsky, Grigory"]
[Black "Kim, Sergey"]
[WhiteFideId "14112191"]
[BlackFideId "13700570"]
[WhiteElo "2492"]
[BlackElo "2537"]
[Result "0-1"]
[Round "08"]
[TimeControl "180+1"]
[Date "2022.05.25"]
[WhiteClock "0:00:17"]
[BlackClock "0:01:01"]

1. e4 e5 2. Nf3 Nc6 3. Bc4 Bc5 4. c3 Nf6 5. d3 d6 6. Nbd2 a6 7. Bb3 Ba7 8. Nf1 Be6 9. Ng3 h6 10. h3 O-O 11. O-O Ne7 12. d4 Ng6 13. dxe5 dxe5 14. Qxd8 Rfxd8 15. Bxe6 fxe6 16. Be3 Bxe3 17. fxe3 Nd7 18. Rfd1 Nc5 19. b3 a5 20. Kf1 a4 21. b4 Nd3 22. Ke2 Nb2 23. Rxd8+ Rxd8 24. Nd2 Nh4 25. a3 b5 26. Rb1 Nc4 27. Nxc4 bxc4 28. b5 Rd3 29. b6 cxb6 30. Rxb6 Rxc3 31. Rxe6 Nxg2 32. Nf5 Rxa3 33. Rg6 Ra2+ 34. Kf1 c3 35. Rxg7+ Kf8 36. Rc7 c2 37. h4 Ra1+ 38. Kxg2 c1=Q 39. Rxc1 Rxc1 40. Nxh6 a3 41. Nf5 a2 42. h5 a1=Q 43. h6 Qb2+ 0-1


[Site "https://www.chess.com"]

[Event "Titled Tuesday Blitz May 24 Late 2022"]
[White "Shimanov, Aleksandr"]
[Black "Hansen, Eric"]
[WhiteFideId "4198603"]
[BlackFideId "2606771"]
[WhiteElo "2605"]
[BlackElo "2568"]
[Result "1-0"]
[Round "08"]
[TimeControl "180+1"]
[Date "2022.05.24"]
[WhiteClock "0:00:04"]
[BlackClock "0:00:01"]

1. b3 e5 2. Bb2 Nc6 3. e3 Nf6 4. Bb5 e4 5. d4 Ne7 6. Be2 d5 7. c4 c6 8. Nc3 Nf5 9. h4 h5 10. g3 Bd6 11. Nh3 a6 12. c5 Bc7 13. b4 Ng4 14. Kd2 Qf6 15. Qg1 Nxf2 16. Qxf2 Bxg3 17. Qg1 Bxh4 18. Rf1 Qh6 19. Bc1 Nxd4 20. Nf4 Nxe2 21. Ncxe2 g5 22. Rxh4 gxh4 23. Bb2 Bg4 24. Bxh8 Qxh8 25. Nd4 Qe5 26. Qh2 a5 27. b5 cxb5 28. Qxh4 Rc8 29. Rc1 b4 30. Rc2 Kf8 31. Qf2 Kg7 32. Rc1 Rc7 33. Qg3 Kh7 34. Nxh5 Qxh5 35. Qxc7 1-0


[Site "https://www.chess.com"]

[Event "Titled Tuesday Blitz May 24 Late 2022"]
[White "Shirov, Alexei"]
[Black "Koutlas, Nikolaos"]
[WhiteFideId "2209390"]
[BlackFideId "25827138"]
[WhiteElo "2678"]
[BlackElo "1645"]
[Result "1-0"]
[Round "08"]
[TimeControl "180+1"]
[Date "2022.05.24"]
[WhiteClock "0:00:53"]
[BlackClock "0:00:03"]

1. e4 c5 2. Nc3 Nc6 3. Nge2 g6 4. d4 cxd4 5. Nxd4 Bg7 6. Be3 Nf6 7. Bc4 O-O 8. Bb3 d6 9. f3 e6 10. Qd2 a6 11. O-O-O d5 12. exd5 exd5 13. h4 Na5 14. g4 Nxb3+ 15. axb3 h5 16. gxh5 Nxh5 17. Bh6 Be6 18. Bxg7 Kxg7 19. Rdg1 Qf6 20. Rg5 Qf4 21. Rhg1 Qxd2+ 22. Kxd2 Nf4 23. h5 Kf6 24. Nxe6 fxe6 25. R5g4 Nxh5 26. Rxg6+ Ke7 27. Rh6 Nf6 28. Rgg6 Rf7 29. Ne2 Rg8 30. Rxg8 Nxg8 31. Rh8 Nf6 32. Rb8 Kd6 33. b4 Nh7 34. f4 Nf6 35. Ke3 Ng4+ 36. Kd4 e5+ 37. fxe5+ Nxe5 38. Rd8+ Ke6 39. Re8+ 1-0


[Site "https://www.chess.com"]

[Event "Titled Tuesday Blitz May 24 Late 2022"]
[White "Sirosh, Ilja"]
[Black "Riehle, Marco"]
[WhiteFideId "4500458"]
[BlackFideId "12904392"]
[WhiteElo "2241"]
[BlackElo "2462"]
[Result "0-1"]
[Round "08"]
[TimeControl "180+1"]
[Date "2022.05.24"]
[WhiteClock "0:01:20"]
[BlackClock "0:01:32"]

1. e4 e5 2. Nf3 Nf6 3. Nc3 Nc6 4. h3 Bc5 5. Nxe5 O-O 6. Nxc6 dxc6 7. d3 b5 8. a3 a6 9. Be2 Bd4 10. O-O c5 11. Be3 Bb7 12. Bxd4 cxd4 13. Nb1 c5 14. Nd2 Nd7 15. b3 f5 16. exf5 Rxf5 17. Bg4 Rf6 18. Re1 Nf8 19. Ne4 Bxe4 20. Rxe4 h6 21. Qe2 Ng6 22. g3 Qf8 23. Re1 Kh7 24. h4 c4 25. h5 Nh8 26. Re7 Nf7 27. Qe4+ Kh8 28. f4 cxd3 29. cxd3 Nd6 30. Qd5 Nf5 31. Qxa8 Qxa8 32. Re8+ Qxe8 33. Rxe8+ Kh7 34. Kf2 g5 35. Bxf5+ Rxf5 36. Re7+ Kg8 37. Re5 Rxe5 38. fxe5 g4 0-1


[Site "https://www.chess.com"]